 Dungeon Crawl Stone Soup version 0.30.1-4-g462c640d31 (webtiles) character file.

Game seed: 14476401341540999689

44 Gorgoleon the Magician (level 3, -6/19 HPs)
             Began as a Deep Elf Hedge Wizard on Aug 19, 2023.
             Mangled by an orc
             ... wielding a +0 mace
              (7 damage)
             ... on level 4 of the Dungeon.
             The game lasted 00:07:10 (1492 turns).

Gorgoleon the Magician (Deep Elf Hedge Wizard)      Turns: 1492, Time: 00:07:11

Health: -6/19      AC:  2    Str:  7    XL:     3   Next: 41%
Magic:  9/10       EV: 12    Int: 20    God:
Gold:   33         SH:  0    Dex: 14    Spells: 1/10 levels left

rFire   . . .        a - +1 dagger
rCold   . . .        (no shield)
rNeg    . . .        b - +0 robe
rPois   .            j - +0 hat
rElec   .            (no cloak)
rCorr   .            (no gloves)
SInv    .            (no boots)
Will    .....        (no amulet)
Stlth   ++           (no ring)
HPRegen 0.23/turn    (no ring)
MPRegen 0.12/turn

%: no passive effects
@: no status effects
A: no striking features
a: no special abilities


You were on level 4 of the Dungeon.
You visited 1 branch of the dungeon, and saw 4 of its levels.

You collected 33 gold pieces.

Inventory:

Hand Weapons
 a - a +1 dagger (weapon)
Armour
 b - a +0 robe (worn)
 j - a +0 hat (worn)
Scrolls
 g - a scroll of teleportation
Potions
 d - a potion of magic
 e - a potion of degeneration
 i - a potion of mutation {unknown}
 l - a potion of heal wounds {unknown}


   Skills:
 - Level 2.4 Dodging
 - Level 2.4 Stealth
 - Level 4.4 Spellcasting
 * Level 2.0 Conjurations
 * Level 1.7 Hexes
 * Level 1.9 Summonings
 - Level 2.0 Translocations
 * Level 0.4 Air Magic
 * Level 0.3 Poison Magic


You had one spell level left.
You knew the following spells:

 Your Spells              Type           Power      Damage    Failure   Level
a - Magic Dart            Conj           48%        1d5       5%          1
b - Slow                  Hex            44%        N/A       6%          1
c - Call Imp              Summ           24%        N/A       9%          2
d - Blink                 Tloc           24%        N/A       9%          2
e - Mephitic Cloud        Conj/Pois/Air  8%         N/A       26%         3

Your spell library contained the following spells:

 Spells                   Type           Power      Damage    Failure   Level
 Cigotuvi's Dreadful Rot  Necr/Pois/Air  10%        N/A       17%         2


Dungeon Overview and Level Annotations

Branches:
Dungeon (4/15)
 Temple: D:4-7

Altars:


Message History

Unknown command.
Unknown command.
You start resting.
HP restored.
You start resting.
Magic restored.
Found a stone staircase leading up.
Found a stone staircase leading up.
There is a stone staircase leading up here.
You climb upwards.
There is a stone staircase leading down here.
You climb downwards.
There is a stone staircase leading up here.
There is a stone staircase leading up here.
You climb upwards.
The gnoll shouts! x4
Found 16 gold pieces.
There is a stone staircase leading down here.
You climb downwards.
There is a stone staircase leading up here.
There is a stone staircase leading up here.
You climb upwards.
The orc shouts! x2; You hear a shout! x4
The orc hits you with a +0 club. The orc closely misses you.
The orc hits you with a +0 mace.
There is a stone staircase leading down here.
The orc closely misses you. The orc hits you with a +0 mace!
The orc barely misses you.
You climb downwards.
There is a stone staircase leading up here.
Aiming: Magic Dart (safe; 5% risk of failure)
Press: ? - help, Q - select action, (/) - cycle Shift-Dir - straight line, f - orc
Aim: an orc, wielding a +0 whip and wearing a +0 ring mail (100% to hit)
The magic dart hits the orc but does no damage.
The orc hits you with a +0 club.
* * * LOW HITPOINT WARNING * * *
The orc hits you with a +0 whip.
* * * LOW HITPOINT WARNING * * *
The orc hits you with a +0 mace!
You die...

*,**,.#* **.*
**,**,#.###.#*
*,,,,,......#
*,,,***.#.#.# *,,**
##....#****** ***
*,,,**#......,,,,,* ,,*
*,,,,*,#..#.#****,* *,*
*,*,*,*#.<#o# *,* *,*
*,*,*,*#..#@# *,* *,*
*,*,#.##..oo# *,*
,,****,,.........#####.#
,,,,,,,,.#.##..........#
,,,,,,,^,#,*####.#######
,,*****,,*,* #.#
,,*,,,*,,*,* #.#
,,*,,,*,,#,* #.#
,,*,,,*,.#.#####.#


You could see 3 orcs.

Vanquished Creatures
  A gnoll (D:1)
  A dart slug (D:4)
  2 ball pythons
  7 bats (D:1)
  4 endoplasms
  3 giant cockroaches
  2 goblins (D:1)
  A hobgoblin (D:1)
  A kobold (D:1)
  2 frilled lizards (D:1)
  7 rats (D:1)
31 creatures vanquished.

Notes
Turn   | Place    | Note
-------+----------+-------------------------------------------
     0 | D:1      | Gorgoleon the Deep Elf Hedge Wizard began the quest for the
                  | Orb.
     0 | D:1      | Reached XP level 1. HP: 10/10 MP: 7/7
     2 | D:1      | Learned a level 1 spell: Slow
   243 | D:1      | Reached XP level 2. HP: 15/15 MP: 3/9
   248 | D:1      | Learned a level 2 spell: Call Imp
   251 | D:1      | Learned a level 2 spell: Blink
   308 | D:1      | Reached skill level 1 in Hexes
   708 | D:1      | Reached XP level 3. HP: 16/19 MP: 6/10
   772 | D:1      | Learned a level 3 spell: Mephitic Cloud
  1293 | D:2      | You fall into a shaft and drop 2 floors!
  1335 | D:4      | Noticed an orc warrior
  1383 | D:4      | Noticed a scorpion
  1492 | D:4      | Mangled by an orc

Illustrated notes

Levels and vault maps discovered:
D:1:      ldierk_walled_garden, layout_rooms, serial_bayou, serial_bayou_ford_a,
          serial_bayou_pond_e, serial_bayou_lake_a, serial_bayou_lagoon_a,
          serial_bayou_shore_b, serial_bayou_pond_e
D:2:      layout_rooms, uniq_sigmund
D:3:      layout_basic
D:4:      layout_loops_ring, minitemple, due_unseen_surprise

Skill      XL: |  1  2  3 |
---------------+----------+-----
Hexes          | 1 |  1.7
Translocations | 2 |  2.0
Conjurations   | 2 |  2.0
Dodging        | |  2.4
Stealth        | |  2.4
Spellcasting   | |  4.4
Summonings     | |  1.9
Air Magic      | |  0.4
Poison Magic   | |  0.3

Action                     || total
---------------------------++-------
  Melee: Dagger            ||    50
         Punch             ||     1
   Cast: Magic Dart        ||    63
    Use: Scroll            ||     6
 Armour: Robe              ||    27
  Dodge: Dodged            ||    54
